 Dungeon Crawl Stone Soup version 0.30-a0-170-g85af917532 (webtiles) character file.

Game seed: 16842212640199579551

142 qw the Chopper (level 5, -3/32 HPs)
             Began as a Gargoyle Fighter on Sept 30, 2022.
             Slain by an orc
             ... wielding a +0 trident
              (4 damage)
             ... on level 4 of the Dungeon.
             The game lasted 00:01:04 (3360 turns).

qw the Chopper (Gargoyle Fighter)                   Turns: 3360, Time: 00:01:04

Health: -3/32      AC: 10    Str: 22    XL:     5   Next: 25%
Magic:  5/5        EV:  9    Int:  8    God:
Gold:   205        SH:  4    Dex:  9    Spells: 4/4 levels left

rFire   . . .      SeeInvis .    Y - +1 war axe
rCold   . . .      Faith    .    c - +0 buckler
rNeg    + . .      Spirit   .    b - +0 scale mail
rPois   inf        Reflect  .    (no helmet)
rElec   +          Harm     .    (no cloak)
rCorr   .          Rampage  .    (no gloves)
Will    .....                    (no boots)
Stlth   ..........               (no amulet)
HPRegen 0.10/turn                (no ring)
MPRegen 0.09/turn                (no ring)

@: no status effects
A: sickness immunity, AC +4, negative energy resistance 1, electricity
resistance, torment resistance 1, petrification resistance
a: no special abilities


You were on level 4 of the Dungeon.
You visited 1 branch of the dungeon, and saw 4 of its levels.

You collected 205 gold pieces.


Innate Abilities, Weirdness & Mutations

You are immune to sickness and miasma.
Your stone body is resilient. (AC +4)
You are immune to poison.
You resist negative energy. (rN+)
You are resistant to electric shocks. (rElec)
You are resistant to unholy torment.
You are immune to petrification.


   Skills:
 - Level 3.2 Fighting
 + Level 4.8 Axes
 - Level 3.2 Armour
 - Level 3.2 Shields


You had 4 spell levels left.
You didn't know any spells.
Your spell library was empty.

Inventory:

Hand Weapons
 j - a +0 flail
 Y - a +1 war axe (weapon)
Missiles
 k - 2 boomerangs (quivered)
Armour
 b - a +0 scale mail (worn)
 c - a +0 buckler (worn)
Scrolls
 f - a scroll of identify
 g - a scroll of enchant armour
Potions
 a - a potion of curing
 d - a potion of might
 e - a potion of magic {unknown}
 i - a potion of mutation {unknown}
 l - a potion of haste {unknown}
 m - a potion of degeneration {unknown}
 n - a potion of ambrosia {unknown}
 o - a potion of flight {unknown}

Dungeon Overview and Level Annotations

Branches:
Dungeon (4/15)
 Temple: D:4-7

Altars:
Nemelex Xobeh
Trog
Wu Jian

Annotations:
D:3 1 runed translucent door, Crazy Yiuf


Message History

You completely miss the hobgoblin.
The gnoll completely misses the plant.
The gnoll closely misses you.
The hobgoblin hits you but does no damage.
You slash the hobgoblin!
You kill the hobgoblin!
The gnoll hits the plant with a +0 halberd!!
The plant begins to die.
You block the gnoll's attack. You block the gnoll's attack.
The gnoll closely misses you.
You closely miss the gnoll.
You hit the plant. x2; The plant begins to die.
You block the gnoll's attack. x2
The orc hits you from afar with a +0 trident.
The gnoll hits you from afar with a +0 halberd!
The gnoll completely misses you.
You slash the gnoll!
You kill the gnoll!
You completely miss the plant. You slash the plant!
The gnoll hits you from afar with a +0 halberd!
A nearby plant withers and dies.
The gnoll barely misses you.
You see here a +0 spear.
You closely miss the gnoll. You hit the plant.
A nearby plant withers and dies.
The gnoll hits you with a +0 halberd.
You closely miss the gnoll. You hit the orc. The gnoll closely misses you.
The orc closely misses you.
You slash the orc!
You kill the orc!
You slash the gnoll! The gnoll closely misses you.
The orc hits you from afar with a +0 trident.
The orc hits you but does no damage. The gnoll misses you.
You completely miss the gnoll.
The gnoll is severely wounded.
The gnoll barely misses you. The orc barely misses you.
You barely miss the gnoll.
The gnoll is heavily wounded.
The gnoll closely misses you. The orc hits you but does no damage.
You hit the gnoll.
The gnoll is almost dead.
The gnoll hits you with a +0 halberd! The orc barely misses you.
The orc hits you from afar with a +0 trident.
You die...

##.### #..... . #
# #.!#.#.#.#.# #.
#..#.#.!.#.##
#..##..... ......
.........##?...#
.PPPPP......#
......g...#.####.#
.P.....@)o)......#
.P._.P...<.......#
.P...P.P...).....#
........!.........
.PPPPP.P..........
..........).##.##.
....#........ ...
.............. ###
.#..........


You could see a gnoll and an orc.

Vanquished Creatures
  Terence (D:3)
  2 gnolls
  3 adders
  2 dart slugs (D:1)
  6 orcs
  4 ball pythons
  6 bats
  5 endoplasms
  3 goblins
  11 hobgoblins
  8 kobolds
  2 quokkas
  2 frilled lizards
  3 rats
58 creatures vanquished.

Vanquished Creatures (others)
  7 plants (D:4)
7 creatures vanquished.

Grand Total: 65 creatures vanquished

Notes
Turn   | Place    | Note
-------+----------+-------------------------------------------
     0 | D:1      | qw the Gargoyle Fighter began the quest for the Orb.
     0 | D:1      | Reached XP level 1. HP: 14/14 MP: 1/1
     0 | D:1      | 0 ||| qw: Version: 0.2-a-13-gfc7b4b4
     0 | D:1      | 0 ||| qw: Game counter: 1696
     0 | D:1      | 0 ||| qw: Always use a shield: true
     0 | D:1      | 0 ||| qw: God list: Okawaru
     0 | D:1      | 0 ||| qw: Allow faded altars: false
     0 | D:1      | 0 ||| qw: Do Orc after D:15 true
     0 | D:1      | 0 ||| qw: Do second Lair branch before Depths: true
     0 | D:1      | 0 ||| qw: Lair rune preference: random
     0 | D:1      | 0 ||| qw: Plans: Normal, Zot:1-4, God:TSO, Crypt, Tomb,
                  | Pan, Slime:5, Hells, Abyss, Orb
     0 | D:1      | 0 ||| PLANNING D:1-11
   165 | D:1      | Reached skill level 2 in Axes
   307 | D:1      | Reached XP level 2. HP: 19/19 MP: 2/2
   324 | D:1      | 324 ||| Stepping ~*~*~tactically~*~*~ (stealth).
   326 | D:1      | 326 ||| Stepping ~*~*~tactically~*~*~ (hiding).
   422 | D:1      | 422 ||| Stepping ~*~*~tactically~*~*~ (stealth).
   591 | D:1      | 591 ||| Stepping ~*~*~tactically~*~*~ (hiding).
   601 | D:1      | Reached skill level 3 in Axes
   616 | D:1      | Reached XP level 3. HP: 23/23 MP: 3/3
  1057 | D:1      | 1057 ||| READING scroll labelled LUACEGOXESH.
  1058 | D:1      | 1058 ||| READING 2 scrolls labelled OCKOLO MIGHAT.
  1059 | D:1      | 1059 ||| READING scroll labelled RAFYUM AMNUSU.
  1060 | D:1      | 1060 ||| READING scroll labelled UCWUYHAUCI.
  1161 | D:1      | 1161 ||| READING 3 scrolls labelled XOLEQOY LISUY.
  1162 | D:1      | 1162 ||| READING scroll labelled BASITHR SUTAA.
  1163 | D:1      | 1163 ||| DROPPING 2 scrolls of blinking.
  1252 | D:2      | 1252 ||| STAIRDANCE
  1475 | D:2      | Found a faded altar of an unknown god.
  1924 | D:2      | Found an ornate altar of the Wu Jian Council.
  2080 | D:2      | 2080 ||| READING scroll labelled QOURUI FEMU.
  2081 | D:2      | 2081 ||| READING scroll labelled TONECK SOOG.
  2082 | D:2      | 2082 ||| READING scroll labelled BIER NENWEIG.
  2083 | D:2      | 2083 ||| DRINKING 2 murky white potions.
  2086 | D:3      | Found a sparkling altar of Nemelex Xobeh.
  2106 | D:3      | Reached XP level 4. HP: 27/28 MP: 4/4
  2119 | D:3      | 2119 ||| DROPPING +0 club.
  2195 | D:3      | 2195 ||| DROPPING +0 whip.
  2274 | D:3      | Noticed Terence
  2289 | D:3      | Killed Terence
  2290 | D:3      | Reached skill level 4 in Axes
  2353 | D:3      | 2353 ||| FLEEEEING.
  2354 | D:3      | 2354 ||| FLEEEEING.
  2355 | D:3      | 2355 ||| FLEEEEING.
  2356 | D:3      | 2356 ||| FLEEEEING.
  2368 | D:3      | 2368 ||| FLEEEEING.
  2369 | D:3      | 2369 ||| FLEEEEING.
  2405 | D:3      | 2405 ||| FLEEEEING.
  2406 | D:3      | 2406 ||| FLEEEEING.
  2407 | D:3      | 2407 ||| FLEEEEING.
  2408 | D:3      | 2408 ||| FLEEEEING.
  2904 | D:3      | Found a runed translucent door.
  2905 | D:3      | Noticed Crazy Yiuf
  2908 | D:3      | 2908 ||| READING scroll labelled ZEOCSYR XAFFO.
  2966 | D:4      | Found a bloodstained altar of Trog.
  2968 | D:4      | 2968 ||| Stepping ~*~*~tactically~*~*~ (stealth).
  2969 | D:4      | 2969 ||| Stepping ~*~*~tactically~*~*~ (stealth).
  2973 | D:4      | 2973 ||| Stepping ~*~*~tactically~*~*~ (stealth).
  2974 | D:4      | 2974 ||| STAIRDANCE
  2984 | D:3      | Reached XP level 5. HP: 22/32 MP: 5/5
  3194 | D:4      | 3194 ||| STAIRDANCE
  3357 | D:4      | HP: 8/32 [orc/+0 trident (1)]
  3360 | D:4      | HP: 1/32 [gnoll/+0 halberd (7)]
  3360 | D:4      | Slain by an orc

Levels and vault maps discovered:
D:1:      dpeg_arrival_circle_labyrinth_c, layout_loops_ring
D:2:      layout_loops_ring, basic_altar,
          chequers_ecumenical_altar_simple_redux, minmay_misc_feat_alley
D:3:      layout_loops_ring, nemelex_xobeh_ov_fountains_minmay, uniq_terence,
          uniq_crazy_yiuf_cottage
D:4:      layout_basic, mainiacjoe_overflow_cross_hatched,
          worldfamousw_hep_ancestral_shrine, chequers_arboretum,
          solitary_fountain, minmay_misc_feat_four_crosses, uniq_grinder,
          uniq_sigmund, uniq_blork_the_orc

Skill      XL: |  1  2  3  4 |
---------------+-------------+-----
Axes           | 2 3 4 |  4.8
Fighting       | |  3.2
Armour         | |  3.2
Shields        | |  3.2

Action                   |  1- 3 |  4- 6 || total
-------------------------+-------+-------++-------
Melee: War axe           |   120 |    56 ||   176
Throw: Boomerang         |       |    14 ||    14
  Use: Scroll            |     9 |     1 ||    10
       Potion            |     1 |       ||     1
Armor: Scale mail        |    72 |    27 ||    99
Dodge: Dodged            |    52 |    32 ||    84
Block: Buckler           |    18 |    17 ||    35

Table legend:
 A = Non-vault XP
 B = Vault XP
 C = Vault XP percentage of total XP
 D = Non-vault monster count
 E = Vault monster count
 F = Vault count percentage of total count
                 A         B        C        D         E       F
            +---------+---------+-------+---------+---------+-------
      Total |     168 |      36 |  17.6 |      57 |       1 |   1.7
            +---------+---------+-------+---------+---------+-------
        D:1 |      44 |       0 |   0.0 |      23 |       0 |   0.0
        D:2 |      34 |       0 |   0.0 |      13 |       0 |   0.0
        D:3 |      65 |      36 |  35.6 |      16 |       1 |   5.9
        D:4 |      25 |       0 |   0.0 |       5 |       0 |   0.0
            +---------+---------+-------+---------+---------+-------
